[Event "30th Abu Dhabi Festival A-Open 2024"]
[Site "Abu Dhabi"]
[Date "2024.08.23"]
[Round "8.1"]
[White "Manukyan, Sargis A."]
[Black "Rzayev, Chingiz"]
[Result "0-1"]
[ECO "D39"]
[WhiteElo "2211"]
[BlackElo "2134"]
[Annotator "RC"]
[PlyCount "80"]
[EventDate "2024.08.15"]
[EventType "swiss"]
[EventCountry "UAE"]
[SourceTitle "playchess.com"]
[Source "ChessBase"]
[SourceQuality "1"]
[TimeControl "5400+30"]

1. d4 d5 2. c4 dxc4 3. Nf3 Nf6 4. Nc3 e6 5. e4 Bb4 6. Bg5 h6 7. Qa4+ Nc6 8. Bxf6 Qxf6 9. Bxc4 Bd7 10. Qb3 Qe7 11. Bd3 Ba5 12. O-O Qb4 13. d5 Nd4 14. Nxd4 Qxd4 15. dxe6 fxe6 16. Bb5 c6 17. Bc4 O-O-O 18. Rad1 Qe5 19. f4 Qc5+ 20. Kh1 e5 21. Rxd7 Rxd7 22. Be6 Rhd8 23. Rd1 Qe7 24. fxe5 Kc7 25. Bxd7 Rxd7 26. Rxd7+ Qxd7 27. h3 b5 28. Qa3 Bb6 29. Qf8 Bd4 30. Qb4 Bf2 31. Qf8 Qd2 32. Kh2 Be3 33. Qf7+ Kb6 34. Qf1 Bf4+ 35. Kh1 Bxe5 36. Ne2 Qxb2 37. Ng1 Qxa2 38. Nf3 Qa1 39. Ne1 Bg3 40. Qg1+ c5 0-1

[Event "30th Abu Dhabi Festival A-Open 2024"]
[Site "Abu Dhabi"]
[Date "2024.08.23"]
[Round "8.2"]
[White "Shen, Fuyan"]
[Black "Dinesh Rajan M"]
[Result "0-1"]
[ECO "D35"]
[WhiteElo "1826"]
[BlackElo "2092"]
[Annotator "RC"]
[PlyCount "134"]
[EventDate "2024.08.15"]
[EventType "swiss"]
[EventCountry "UAE"]
[SourceTitle "playchess.com"]
[Source "ChessBase"]
[SourceQuality "1"]
[TimeControl "5400+30"]

1. d4 d5 2. c4 e6 3. Nc3 Nf6 4. cxd5 exd5 5. Bg5 Bb4 6. e3 h6 7. Bh4 g5 8. Bg3 Ne4 9. Nge2 h5 10. h4 Nxg3 11. Nxg3 gxh4 12. Nxh5 Qg5 13. Qa4+ Nc6 14. Nf4 Bd7 15. O-O-O Bxc3 16. bxc3 O-O-O 17. Bb5 Kb8 18. Kd2 Ka8 19. Rb1 Rh6 20. Rb3 Nb8 21. Rhb1 Rb6 22. Qa5 Bf5 23. R1b2 h3 24. gxh3 Qg1 25. Be2 Nc6 26. Qc5 Qa1 27. Qa3 Kb8 28. Rxb6 axb6 29. Rb5 Qh1 30. f3 Be6 31. Qc1 Qh2 32. Rb1 Na5 33. Qg1 Nc4+ 34. Kc2 Bf5+ 35. Kb3 Qxg1 36. Rxg1 Nxe3 37. h4 Kc8 38. Rg7 Rf8 39. h5 Kd7 40. Bd3 Bxd3 41. Nxd3 Nf5 42. Ne5+ Ke6 43. Rg2 Rh8 44. Rh2 c5 45. f4 cxd4 46. cxd4 Nxd4+ 47. Kc3 Nc6 48. Nd3 Rh6 49. a4 Kf5 50. Rb2 Rxh5 51. Rxb6 Rh3 52. Kd2 Na5 53. Ke2 Nc4 54. Rb3 b6 55. Rc3 Re3+ 56. Kd1 Rxd3+ 57. Rxd3 Nb2+ 58. Ke2 Nxd3 59. Kxd3 Kxf4 60. Kd4 Kg3 61. Kxd5 f5 62. Kc6 f4 63. Kxb6 f3 64. a5 f2 65. a6 f1=Q 66. Kb7 Qb5+ 67. Ka7 Kf4 0-1

[Event "30th Abu Dhabi Festival A-Open 2024"]
[Site "Abu Dhabi"]
[Date "2024.08.23"]
[Round "8.3"]
[White "Barretto, Franz"]
[Black "Yeremyan, Alen"]
[Result "1-0"]
[ECO "D85"]
[WhiteElo "2101"]
[BlackElo "2279"]
[Annotator "RC"]
[PlyCount "84"]
[EventDate "2024.08.15"]
[EventType "swiss"]
[EventCountry "UAE"]
[SourceTitle "playchess.com"]
[Source "ChessBase"]
[SourceQuality "1"]
[TimeControl "5400+30"]

1. d4 Nf6 2. c4 g6 3. Nc3 d5 4. cxd5 Nxd5 5. e4 Nxc3 6. bxc3 Bg7 7. Bb5+ c6 8. Ba4 O-O 9. Ne2 a5 10. h4 b5 11. Bb3 a4 12. Bc2 c5 13. h5 cxd4 14. hxg6 fxg6 15. cxd4 Nc6 16. e5 Qa5+ 17. Bd2 Qb6 18. Be3 Nb4 19. Be4 Bb7 20. Bxb7 Qxb7 21. O-O Nd5 22. Qd3 b4 23. Rab1 Qa6 24. Qxa6 Rxa6 25. Bd2 Rc6 26. Bxb4 Rc2 27. Ng3 Rxa2 28. Bc5 Ra8 29. Rb7 a3 30. Rfb1 Bf8 31. R7b3 Bh6 32. Nf1 Kf7 33. Rh3 Kg7 34. Rbb3 Bc1 35. Rb7 Rb2 36. Rd7 a2 37. Bxe7 Kg8 38. Bf6 h6 39. Rxd5 a1=Q 40. Rd7 Bf4 41. g3 Rxf2 42. Kxf2 Ra2+ 1-0

[Event "30th Abu Dhabi Festival A-Open 2024"]
[Site "Abu Dhabi"]
[Date "2024.08.23"]
[Round "8.4"]
[White "Lad Mandar Pradip"]
[Black "Sham R"]
[Result "1-0"]
[ECO "E10"]
[WhiteElo "2254"]
[BlackElo "2103"]
[Annotator "RC"]
[PlyCount "95"]
[EventDate "2024.08.15"]
[EventType "swiss"]
[EventCountry "UAE"]
[SourceTitle "playchess.com"]
[Source "ChessBase"]
[SourceQuality "1"]
[TimeControl "5400+30"]

1. d4 Nf6 2. c4 e6 3. Nf3 c5 4. d5 b5 5. dxe6 fxe6 6. cxb5 d5 7. e3 Bd6 8. Be2 O-O 9. O-O Nbd7 10. Nbd2 Qe7 11. b3 Bb7 12. Bb2 e5 13. e4 dxe4 14. Nh4 g6 15. g3 Nb6 16. a4 Rad8 17. Nc4 Bc7 18. Qc1 Nfd5 19. a5 Nd7 20. Ng2 Nb4 21. Ba3 Nd3 22. Qe3 Nf4 23. Rad1 Ne6 24. b4 Nd4 25. bxc5 Rf3 26. Bxf3 Nxf3+ 27. Kh1 Qe6 28. Nd2 Qh3 29. Nxf3 exf3 30. Nh4 Nf6 31. c6 Ng4 32. Qb3+ Kg7 33. Nxf3 e4 34. Qf7+ Kxf7 35. Ng5+ Kf6 36. Nxh3 Bc8 37. Rxd8 Bxd8 38. Bc5 Ne5 39. Nf4 Bxa5 40. Bxa7 Bg4 41. Bd4 g5 42. Ng2 Ke6 43. Bxe5 Kxe5 44. Ne3 Be2 45. Rc1 Kd6 46. Nc4+ Bxc4 47. Rxc4 Bb6 48. Kg2 1-0

[Event "30th Abu Dhabi Festival A-Open 2024"]
[Site "Abu Dhabi"]
[Date "2024.08.23"]
[Round "8.5"]
[White "Md Imran"]
[Black "Darini, Iliya"]
[Result "0-1"]
[ECO "A11"]
[WhiteElo "2225"]
[BlackElo "2083"]
[Annotator "RC"]
[PlyCount "60"]
[EventDate "2024.08.15"]
[EventType "swiss"]
[EventCountry "UAE"]
[SourceTitle "playchess.com"]
[Source "ChessBase"]
[SourceQuality "1"]
[TimeControl "5400+30"]

1. Nf3 Nf6 2. e3 d5 3. c4 e6 4. Nc3 c6 5. b3 Bd6 6. Bb2 O-O 7. Rc1 Nbd7 8. Qc2 Re8 9. Be2 a6 10. d4 b5 11. O-O Bb7 12. Rfd1 Rc8 13. Bd3 e5 14. dxe5 Nxe5 15. Nxe5 Bxe5 16. Bf5 Rc7 17. Ne2 Qe7 18. Bxe5 Qxe5 19. cxd5 Nxd5 20. Bxh7+ Kh8 21. Bf5 c5 22. Ng3 g6 23. Bg4 c4 24. Qd2 c3 25. Qd4 c2 26. Qxe5+ Rxe5 27. Rd4 a5 28. a3 b4 29. Rc4 Rxc4 30. bxc4 b3 0-1

[Event "30th Abu Dhabi Festival A-Open 2024"]
[Site "Abu Dhabi"]
[Date "2024.08.23"]
[Round "8.6"]
[White "Wen, Gehua"]
[Black "Andreasyan, Edgar"]
[Result "0-1"]
[ECO "D10"]
[WhiteElo "2119"]
[BlackElo "2027"]
[Annotator "RC"]
[PlyCount "53"]
[EventDate "2024.08.15"]
[EventType "swiss"]
[EventCountry "UAE"]
[SourceTitle "playchess.com"]
[Source "ChessBase"]
[SourceQuality "1"]
[TimeControl "5400+30"]

1. d4 d5 2. c4 c6 3. cxd5 cxd5 4. Nc3 Nf6 5. Bf4 Nc6 6. e3 a6 7. Rc1 Bg4 8. f3 Bh5 9. h4 h6 10. Bd3 e6 11. Nge2 Bd6 12. Kf2 e5 13. dxe5 Nxe5 14. Bb1 Bg6 15. Nxd5 Bxb1 16. Rxb1 O-O 17. Nec3 Nxd5 18. Qxd5 Qe7 19. Bxe5 Bxe5 20. Qe4 f5 21. Qc4+ Kh8 22. Nd5 Qf7 23. Nb6 Rac8 24. Qa4 Rc6 25. Qb4 Bd6 26. Rhd1 Be5 27. Qb3 0-1

[Event "30th Abu Dhabi Festival A-Open 2024"]
[Site "Abu Dhabi"]
[Date "2024.08.23"]
[Round "8.7"]
[White "Wang, Hao(Zj)"]
[Black "Zhou, Yichen"]
[Result "0-1"]
[ECO "B97"]
[WhiteElo "2703"]
[BlackElo "2023"]
[Annotator "RC"]
[PlyCount "150"]
[EventDate "2024.08.15"]
[EventType "swiss"]
[EventCountry "UAE"]
[SourceTitle "playchess.com"]
[Source "ChessBase"]
[SourceQuality "1"]
[TimeControl "5400+30"]

1. e4 c5 2. Nf3 d6 3. d4 cxd4 4. Nxd4 Nf6 5. Nc3 a6 6. Bg5 e6 7. f4 Qb6 8. Qd2 Qxb2 9. Rb1 Qa3 10. e5 dxe5 11. fxe5 Nfd7 12. Ne4 Qxa2 13. Rd1 Qd5 14. Qe3 Bc5 15. Nxe6 Bb4+ 16. c3 Qxe6 17. cxb4 O-O 18. Be2 Qxe5 19. Bf4 Qe6 20. Rd6 Qe7 21. O-O Nc6 22. Bg5 f6 23. Rxc6 fxg5 24. Nf6+ Qxf6 25. Bc4+ Kh8 26. Rfxf6 Nxf6 27. Qe7 Bd7 28. Rxf6 Rxf6 29. Qxd7 b5 30. Bd5 Raf8 31. h3 h6 32. Be4 Rf4 33. Qe6 Rxe4 34. Qxe4 Rf6 35. Kh2 Kg8 36. Qe8+ Kh7 37. Kg3 Rf4 38. Qe7 Rf6 39. Qe4+ Kg8 40. Qd5+ Kh7 41. Qd3+ Kg8 42. Kg4 Kf7 43. Qd7+ Kf8 44. g3 Kg8 45. Qe7 Kh7 46. Kh5 Rf5 47. Qe6 Rf6 48. Qe8 Rd6 49. Qe4+ Kg8 50. Qe7 Rf6 51. Qe8+ Kh7 52. Qd8 Re6 53. Qd3+ Kh8 54. Qf5 Rb6 55. Qf2 Rc6 56. Qf3 Re6 57. Qf5 Rb6 58. Qe5 Kh7 59. Qe4+ Kh8 60. Qd4 Re6 61. Qd7 Rf6 62. Qd8+ Kh7 63. Qe7 Kg8 64. Qe4 Kh8 65. Qc2 Kg8 66. Qd3 Kh8 67. Kg4 Kg8 68. Qe4 Kh8 69. Qf5 Rxf5 70. Kxf5 Kh7 71. Ke6 g4 72. h4 h5 73. Ke5 g5 74. hxg5 h4 75. Kf6 Kg8 0-1

[Event "30th Abu Dhabi Festival A-Open 2024"]
[Site "Abu Dhabi"]
[Date "2024.08.23"]
[Round "8.8"]
[White "EYENGHE, Sunny"]
[Black "Diaz Villagran, Robert"]
[Result "0-1"]
[ECO "E62"]
[WhiteElo "2098"]
[BlackElo "2268"]
[Annotator "RC"]
[PlyCount "72"]
[EventDate "2024.08.15"]
[EventType "swiss"]
[EventCountry "UAE"]
[SourceTitle "playchess.com"]
[Source "ChessBase"]
[SourceQuality "1"]
[TimeControl "5400+30"]

1. Nf3 Nf6 2. c4 g6 3. Nc3 Bg7 4. g3 O-O 5. Bg2 d6 6. O-O e5 7. d4 Nc6 8. dxe5 dxe5 9. Bg5 Be6 10. Qa4 Qc8 11. Rfd1 Nd7 12. Nd5 Re8 13. Qc2 h6 14. Be3 f5 15. a3 a5 16. Rac1 a4 17. Nh4 Nf8 18. Bc5 g5 19. Bxf8 Kxf8 20. Nf3 e4 21. Ne1 Nd4 22. Qd2 Nb3 23. Qb4+ c5 24. Qb6 Ra6 25. Qc7 Bxd5 26. Qxc8 Rxc8 27. cxd5 Nxc1 28. Rxc1 Bxb2 29. Rb1 Bxa3 30. Rxb7 Bb4 31. Nc2 a3 32. g4 a2 33. gxf5 a1=Q+ 34. Nxa1 Rxa1+ 35. Bf1 Rd8 36. Kg2 Rxd5 0-1

[Event "30th Abu Dhabi Festival A-Open 2024"]
[Site "Abu Dhabi"]
[Date "2024.08.23"]
[Round "8.9"]
[White "Shahinyan, Vladimir"]
[Black "Saydaliev, Akobirkhon"]
[Result "1/2-1/2"]
[ECO "C01"]
[WhiteElo "2094"]
[BlackElo "2266"]
[Annotator "RC"]
[PlyCount "121"]
[EventDate "2024.08.15"]
[EventType "swiss"]
[EventCountry "UAE"]
[SourceTitle "playchess.com"]
[Source "ChessBase"]
[SourceQuality "1"]
[TimeControl "5400+30"]

1. e4 e6 2. d4 d5 3. Bd3 dxe4 4. Bxe4 c5 5. Ne2 Nf6 6. Bf3 Nc6 7. Be3 Nd5 8. Bxd5 Qxd5 9. Nbc3 Qd7 10. dxc5 Be7 11. Qxd7+ Bxd7 12. O-O-O Ne5 13. Bd4 Nc6 14. Be3 Ne5 15. Ne4 Bc6 16. N2c3 Nc4 17. Bf4 e5 18. Bg5 f6 19. Bh4 g5 20. Bg3 f5 21. Nd2 Nxd2 22. Bxe5 Bxg2 23. Rhg1 Nf3 24. Bxh8 Nxg1 25. Rxg1 Bc6 26. b4 Kf7 27. Be5 Re8 28. Bd4 f4 29. Re1 g4 30. Ne4 g3 31. hxg3 fxg3 32. Nxg3 Bg5+ 33. Be3 Bf3 34. Nf5 Re5 35. Nd6+ Kf8 36. Rg1 Bf6 37. Rg3 Bc6 38. b5 Bd7 39. c4 Be6 40. Bd4 Re1+ 41. Kd2 Bxd4 42. Kxe1 Bxc5 43. Nxb7 Bb4+ 44. Kd1 h5 45. Re3 Bc8 46. Nd8 h4 47. Ne6+ Kf7 48. Nf4 Bc5 49. Ke2 Bxe3 50. fxe3 Kf6 51. Kf3 Ke5 52. c5 h3 53. a4 a6 54. Kg3 axb5 55. axb5 Bd7 56. c6 Be8 57. Nh5 Bxh5 58. c7 h2 59. Kxh2 Bg4 60. b6 Bc8 61. Kg3 1/2-1/2

[Event "30th Abu Dhabi Festival A-Open 2024"]
[Site "Abu Dhabi"]
[Date "2024.08.23"]
[Round "8.10"]
[White "Mercado, Levi"]
[Black "Aditya Varun Gampa"]
[Result "0-1"]
[ECO "B25"]
[WhiteElo "2068"]
[BlackElo "2261"]
[Annotator "ChessBase"]
[PlyCount "98"]
[EventDate "2024.08.15"]
[EventType "swiss"]
[EventCountry "UAE"]
[SourceTitle "playchess.com"]
[Source "ChessBase"]
[SourceQuality "1"]
[TimeControl "5400+30"]

1. e4 c5 2. Ne2 Nc6 3. Nbc3 g6 4. g3 Bg7 5. Bg2 d6 6. d3 Rb8 7. a4 a6 8. Be3 Nf6 9. h3 O-O 10. d4 cxd4 11. Nxd4 e5 12. Nb3 Be6 13. Nd5 Bxd5 14. exd5 Na5 15. Nxa5 Qxa5+ 16. c3 e4 17. Bd4 Rfe8 18. O-O Re7 19. Re1 Rbe8 20. g4 Qxd5 21. Bxf6 Qxd1 22. Raxd1 Bxf6 23. Rxd6 Be5 24. Rd5 f5 25. Red1 Kg7 26. c4 Kf6 27. b4 h5 28. c5 Bc7 29. Rd7 hxg4 30. hxg4 Bb8 31. Rxe7 Rxe7 32. gxf5 gxf5 33. Rd8 Bc7 34. Rc8 Ke5 35. b5 axb5 36. axb5 b6 37. c6 f4 38. Rh8 Kd4 39. Bh3 e3 40. fxe3+ fxe3 41. Bf1 e2 42. Bxe2 Rxe2 43. Rh7 Bf4 44. Rb7 Ke4 45. Ra7 Rb2 46. Ra4+ Kf3 47. Ra3+ Be3+ 48. Kh1 Rb1+ 49. Kh2 Rxb5 0-1

[Event "30th Abu Dhabi Festival A-Open 2024"]
[Site "Abu Dhabi"]
[Date "2024.08.23"]
[Round "8.11"]
[White "Rayes, Abdul Kader"]
[Black "Hamidov, Allahverdi"]
[Result "0-1"]
[ECO "D02"]
[WhiteElo "2064"]
[BlackElo "2253"]
[Annotator "RC"]
[PlyCount "68"]
[EventDate "2024.08.15"]
[EventType "swiss"]
[EventCountry "UAE"]
[SourceTitle "playchess.com"]
[Source "ChessBase"]
[SourceQuality "1"]
[TimeControl "5400+30"]

1. g3 d5 2. Nf3 Nf6 3. Bg2 c5 4. O-O e6 5. d4 cxd4 6. Nxd4 e5 7. Nb3 Be6 8. Bg5 Nbd7 9. Nc3 Be7 10. e4 dxe4 11. Nxe4 Nxe4 12. Bxe7 Qxe7 13. Bxe4 Nf6 14. Bg2 O-O 15. Re1 Qc7 16. Qe2 Nd7 17. Rad1 a5 18. Bd5 Bxd5 19. Rxd5 a4 20. Nc1 e4 21. Rd4 f5 22. f4 Nf6 23. Red1 Rac8 24. c3 a3 25. Qb5 Qf7 26. Ne2 Qh5 27. R4d2 e3 28. Rd6 Ng4 29. h4 Nf2 30. Rb1 Kh8 31. Kg2 Ne4 32. Re6 Nd2 33. Re1 Qf3+ 34. Kh3 Nf1 0-1

[Event "30th Abu Dhabi Festival A-Open 2024"]
[Site "Abu Dhabi"]
[Date "2024.08.24"]
[Round "9.1"]
[White "Rzayev, Chingiz"]
[Black "Dinesh Rajan M"]
[Result "0-1"]
[ECO "A13"]
[WhiteElo "2134"]
[BlackElo "2092"]
[Annotator "RC"]
[PlyCount "112"]
[EventDate "2024.08.15"]
[EventType "swiss"]
[EventCountry "UAE"]
[SourceTitle "playchess.com"]
[Source "ChessBase"]
[SourceQuality "1"]
[TimeControl "5400+30"]

1. c4 e6 2. Nf3 d5 3. cxd5 exd5 4. g3 Nf6 5. Bg2 Bd6 6. O-O O-O 7. b3 Re8 8. Bb2 c6 9. d3 Nbd7 10. Nbd2 Ne5 11. Nxe5 Bxe5 12. Bxe5 Rxe5 13. e4 Re7 14. Qc2 Bg4 15. Rfe1 Qb6 16. h3 Bh5 17. exd5 Rxe1+ 18. Rxe1 cxd5 19. Qc3 Bg6 20. d4 Bf5 21. Qc5 Be6 22. Rc1 h6 23. Qxb6 axb6 24. a4 Kf8 25. Rc7 Rb8 26. Nf1 Ne8 27. Rc3 Ke7 28. Ne3 Kd6 29. f4 f5 30. g4 g6 31. Bf3 Nc7 32. Be2 Rf8 33. g5 hxg5 34. Ng2 gxf4 35. Nxf4 Bf7 36. Rg3 Ne6 37. Nxe6 Kxe6 38. Kf2 Rh8 39. b4 Rh4 40. Rd3 Kd6 41. a5 b5 42. Bf3 Rxh3 43. a6 bxa6 44. Ra3 Be8 45. Rxa6+ Bc6 46. Ra7 g5 47. Rg7 g4 48. Be2 Rh2+ 49. Ke1 Bd7 50. Bd3 f4 51. Rg6+ Ke7 52. Rg7+ Ke8 53. Rg5 g3 54. Re5+ Kf7 55. Bf5 Rh1+ 56. Ke2 g2 0-1

[Event "30th Abu Dhabi Festival A-Open 2024"]
[Site "Abu Dhabi"]
[Date "2024.08.24"]
[Round "9.2"]
[White "Darini, Iliya"]
[Black "Yeremyan, Alen"]
[Result "1-0"]
[ECO "B23"]
[WhiteElo "2083"]
[BlackElo "2279"]
[Annotator "RC"]
[PlyCount "109"]
[EventDate "2024.08.15"]
[EventType "swiss"]
[EventCountry "UAE"]
[SourceTitle "playchess.com"]
[Source "ChessBase"]
[SourceQuality "1"]
[TimeControl "5400+30"]

1. e4 c5 2. Nc3 d6 3. f4 Nc6 4. Nf3 g6 5. Bb5 Bg7 6. Bxc6+ bxc6 7. d3 Nh6 8. O-O f5 9. Qe2 Nf7 10. Re1 O-O 11. e5 Qc7 12. Bd2 Nd8 13. Nd1 Ne6 14. Qf2 Rb8 15. Qh4 Nd4 16. Bc3 Nxf3+ 17. gxf3 d5 18. Qf2 d4 19. Bd2 Be6 20. b3 Bd5 21. Rc1 g5 22. c4 Bf7 23. Qg3 g4 24. Nf2 gxf3 25. Qxf3 Kh8 26. Nh3 Bh6 27. Kh1 Qc8 28. Rg1 Qe6 29. Be1 Rg8 30. Bh4 Rg4 31. Bg5 Bh5 32. Qf2 Bg7 33. Rxg4 Bxg4 34. Ng1 Bh5 35. Qh4 Qg6 36. Rc2 Rg8 37. Rg2 Bd1 38. Rg3 Qe6 39. Bxe7 Bg4 40. h3 Bd1 41. Kh2 h6 42. Bxc5 Re8 43. Bxd4 Kh7 44. Bc5 a5 45. Rg2 a4 46. b4 Qf7 47. Bd6 a3 48. Qe1 Bh5 49. Qc1 Qa7 50. Bc5 Qc7 51. Qxa3 Rg8 52. d4 Qd8 53. Bd6 Bf7 54. Qd3 Qd7 55. Nf3 1-0

[Event "30th Abu Dhabi Festival A-Open 2024"]
[Site "Abu Dhabi"]
[Date "2024.08.24"]
[Round "9.3"]
[White "Andreasyan, Edgar"]
[Black "Lad Mandar Pradip"]
[Result "0-1"]
[ECO "B90"]
[WhiteElo "2027"]
[BlackElo "2254"]
[Annotator "RC"]
[PlyCount "96"]
[EventDate "2024.08.15"]
[EventType "swiss"]
[EventCountry "UAE"]
[SourceTitle "playchess.com"]
[Source "ChessBase"]
[SourceQuality "1"]
[TimeControl "5400+30"]

1. e4 c5 2. Nf3 d6 3. d4 cxd4 4. Nxd4 Nf6 5. Nc3 a6 6. f3 e5 7. Nb3 Be7 8. Be3 Be6 9. Qd2 h5 10. O-O-O Nbd7 11. Nd5 Nxd5 12. exd5 Bf5 13. Bd3 Bxd3 14. Qxd3 Bg5 15. Kb1 Rc8 16. Bf2 O-O 17. h4 Bf4 18. g4 hxg4 19. fxg4 Nf6 20. Qf3 Qd7 21. Rhg1 Rc4 22. g5 Ne4 23. Be3 Bxe3 24. Qxe3 Qf5 25. Rdf1 Qg6 26. h5 Qxh5 27. Rh1 Qg4 28. Nd2 Nxd2+ 29. Qxd2 Qg3 30. Rfg1 Rh4 31. a3 Rxh1 32. Rxh1 f5 33. gxf6 Rxf6 34. Qb4 Qg2 35. Rc1 Qxd5 36. Qh4 Qf7 37. Qh3 Rh6 38. Qe3 Qd5 39. c4 Qg2 40. Ka2 Rh1 41. Rc3 Rh2 42. Qb6 Qc6 43. Qd8+ Kh7 44. Qg5 Qe4 45. a4 Rh1 46. Kb3 d5 47. cxd5 Qxd5+ 48. Rc4 Rh3+ 0-1

[Event "30th Abu Dhabi Festival A-Open 2024"]
[Site "Abu Dhabi"]
[Date "2024.08.24"]
[Round "9.4"]
[White "Zhou, Yichen"]
[Black "Manukyan, Sargis A."]
[Result "1/2-1/2"]
[ECO "D41"]
[WhiteElo "2023"]
[BlackElo "2211"]
[Annotator "RC"]
[PlyCount "111"]
[EventDate "2024.08.15"]
[EventType "swiss"]
[EventCountry "UAE"]
[SourceTitle "playchess.com"]
[Source "ChessBase"]
[SourceQuality "1"]
[TimeControl "5400+30"]

1. d4 d5 2. c4 e6 3. Nc3 Nf6 4. cxd5 Nxd5 5. e4 Nxc3 6. bxc3 c5 7. Nf3 cxd4 8. cxd4 Bb4+ 9. Bd2 Bxd2+ 10. Qxd2 O-O 11. Be2 Nd7 12. O-O b6 13. Rac1 Bb7 14. Bd3 Rc8 15. Qf4 Nf6 16. Rxc8 Qxc8 17. Rc1 Qb8 18. Qxb8 Rxb8 19. Rc7 Bxe4 20. Bxe4 Nxe4 21. Rxa7 Rc8 22. g3 f6 23. Re7 Rc6 24. d5 Rc1+ 25. Kg2 e5 26. Nh4 Rd1 27. Nf5 g6 28. Nh6+ Kf8 29. Rxh7 Rxd5 30. Rf7+ Ke8 31. Rb7 Rd6 32. h4 Nc5 33. Rg7 f5 34. h5 gxh5 35. Nxf5 Rd2 36. Re7+ Kf8 37. Rxe5 Nd3 38. Rb5 Rxa2 39. Kf3 Rxf2+ 40. Ke3 Rb2 41. Rxb2 Nxb2 42. Kf4 Kf7 43. Kg5 Ke6 44. Ne3 b5 45. Kxh5 Nd3 46. Kg4 Ke5 47. Kf3 b4 48. Ke2 Ke4 49. Kd2 Ne5 50. Nc2 Nc4+ 51. Kc1 b3 52. Na3 Na5 53. Kb2 Kf3 54. Nc4 Nxc4+ 55. Kxb3 Kxg3 56. Kxc4 1/2-1/2

[Event "30th Abu Dhabi Festival A-Open 2024"]
[Site "Abu Dhabi"]
[Date "2024.08.24"]
[Round "9.5"]
[White "Diaz Villagran, Robert"]
[Black "Fadi, Marko"]
[Result "0-1"]
[ECO "C54"]
[WhiteElo "2268"]
[BlackElo "2221"]
[Annotator "RC"]
[PlyCount "140"]
[EventDate "2024.08.15"]
[EventType "swiss"]
[EventCountry "UAE"]
[SourceTitle "playchess.com"]
[Source "ChessBase"]
[SourceQuality "1"]
[TimeControl "5400+30"]

1. e4 e5 2. Nf3 Nc6 3. Bc4 Bc5 4. O-O Nf6 5. d3 d6 6. c3 O-O 7. h3 a6 8. a4 Ba7 9. Re1 h6 10. Nbd2 Re8 11. b4 Be6 12. Bxe6 Rxe6 13. Bb2 Nh5 14. Nf1 Nf4 15. Bc1 Qf6 16. Ra2 Rd8 17. Bxf4 Qxf4 18. g3 Qf6 19. Ne3 Ree8 20. Kg2 Ne7 21. Rae2 Qe6 22. Qb1 c6 23. d4 Rc8 24. Qd3 Red8 25. a5 Ng6 26. h4 Ne7 27. h5 Kf8 28. Rd2 exd4 29. cxd4 Kg8 30. Rde2 Re8 31. Nc4 Qd7 32. e5 dxe5 33. Ncxe5 Qf5 34. Qb3 Nd5 35. Re4 Red8 36. g4 Qf6 37. Nd3 Bb8 38. Nfe5 Bd6 39. f4 Qe6 40. Qb2 Bxe5 41. Nxe5 Nf6 42. R4e3 Nxg4 43. Rg3 Qd5+ 44. Kh3 Nf6 45. Qe2 Qe6+ 46. Kh2 Rxd4 47. Reg1 Ne8 48. Qg2 Qf6 49. Ng4 Qxf4 50. Rf1 Qd6 51. Qf3 Rc7 52. Re1 Kf8 53. Ne5 Nf6 54. Kg2 Qd5 55. Kh3 Qxf3 56. Rxf3 Rxb4 57. Rd1 Re4 58. Nd3 Rd7 59. Rb1 Rde7 60. Nc5 R4e5 61. Nxb7 Rxh5+ 62. Kg2 Rg5+ 63. Kh3 Ne4 64. Nd8 Rb5 65. Rfb3 Rc7 66. Rxb5 cxb5 67. Rb4 Ke7 68. Nxf7 Nf2+ 69. Kg2 Kxf7 70. Kxf2 Rc4 0-1

[Event "30th Abu Dhabi Festival A-Open 2024"]
[Site "Abu Dhabi"]
[Date "2024.08.24"]
[Round "9.6"]
[White "Aditya Varun Gampa"]
[Black "Dere Pushkar"]
[Result "0-1"]
[ECO "B23"]
[WhiteElo "2261"]
[BlackElo "2217"]
[Annotator "RC"]
[PlyCount "102"]
[EventDate "2024.08.15"]
[EventType "swiss"]
[EventCountry "UAE"]
[SourceTitle "playchess.com"]
[Source "ChessBase"]
[SourceQuality "1"]
[TimeControl "5400+30"]

1. e4 c5 2. Nc3 g6 3. d4 cxd4 4. Qxd4 Nf6 5. Be3 Nc6 6. Qd2 Bg7 7. O-O-O Ng4 8. Bf4 Qb6 9. f3 Nge5 10. Bh6 Bxh6 11. Qxh6 d6 12. Qg7 Rf8 13. Qxh7 Be6 14. Qh6 Bc4 15. Nge2 Rc8 16. Qd2 a5 17. h3 Nb4 18. Kb1 Bxa2+ 19. Nxa2 Rxc2 20. Qd4 Nc4 21. Nxb4 Rxb2+ 22. Qxb2 Nxb2 23. Nd5 Qb3 24. Nc1 Qxd1 25. Bb5+ Kd8 26. Rxd1 Nxd1 27. Kc2 e6 28. Kxd1 exd5 29. exd5 Kc7 30. Nb3 Kb6 31. Ba4 Rh8 32. Kc2 f6 33. Nd2 Kc5 34. Ne4+ Kb4 35. Bb3 a4 36. Ba2 Rc8+ 37. Kd3 b5 38. Nxd6 Rc1 39. Nf7 Ka3 40. d6 Kxa2 41. Ke2 Rc5 42. d7 Rd5 43. d8=Q Rxd8 44. Nxd8 a3 45. Nc6 Kb2 46. Nb4 a2 47. Nxa2 Kxa2 48. h4 b4 49. g4 b3 50. h5 gxh5 51. gxh5 b2 0-1

[Event "30th Abu Dhabi Festival A-Open 2024"]
[Site "Abu Dhabi"]
[Date "2024.08.24"]
[Round "9.7"]
[White "Hamidov, Allahverdi"]
[Black "Shen, Fuyan"]
[Result "1-0"]
[ECO "D10"]
[WhiteElo "2253"]
[BlackElo "1826"]
[Annotator "RC"]
[PlyCount "143"]
[EventDate "2024.08.15"]
[EventType "swiss"]
[EventCountry "UAE"]
[SourceTitle "playchess.com"]
[Source "ChessBase"]
[SourceQuality "1"]
[TimeControl "5400+30"]

1. d4 d5 2. c4 c6 3. cxd5 cxd5 4. Bf4 Nc6 5. e3 Nf6 6. Nc3 Bf5 7. Qb3 Na5 8. Qa4+ Bd7 9. Bb5 e6 10. Nf3 a6 11. Bxd7+ Nxd7 12. O-O Be7 13. Rfc1 b5 14. Qd1 Rc8 15. Rc2 Nc4 16. Rac1 g5 17. Bg3 h5 18. h3 g4 19. hxg4 hxg4 20. Ne1 f5 21. Ne2 Bh4 22. b3 Bxg3 23. Nxg3 Nd6 24. Rxc8 Nxc8 25. Qc2 Ke7 26. Nd3 Nd6 27. Qc6 Qa8 28. Nf4 Rc8 29. Qxa8 Rxa8 30. Rc6 Nf8 31. Nd3 Nd7 32. Nf4 Nf8 33. Nd3 Nd7 34. Ne2 Nf7 35. Nef4 Nd8 36. Rc2 Kd6 37. f3 gxf3 38. gxf3 a5 39. Rg2 Rc8 40. Rg8 Ke7 41. Rh8 b4 42. Kf1 Ra8 43. Ke2 Rc8 44. Kd2 Rb8 45. Ne5 Nxe5 46. dxe5 Rb6 47. Ng6+ Kf7 48. Rxd8 Kxg6 49. f4 Kf7 50. Ra8 Rb5 51. Ra7+ Ke8 52. Kd3 Kd8 53. Kd4 Ke8 54. Rc7 a4 55. bxa4 Ra5 56. Rc2 Kd7 57. Rb2 Rxa4 58. Kc5 Ra3 59. Kxb4 Rxe3 60. a4 Kc6 61. Rc2+ Kb7 62. Kc5 Re4 63. Kd6 Rxf4 64. Kxe6 d4 65. Kf7 Rh4 66. e6 d3 67. Rd2 Rh7+ 68. Kg6 Rc7 69. Kf6 Rc6 70. Kf7 Rc2 71. Rxd3 Re2 72. e7 1-0

[Event "30th Abu Dhabi Festival A-Open 2024"]
[Site "Abu Dhabi"]
[Date "2024.08.24"]
[Round "9.8"]
[White "Kuandykuly, Danis"]
[Black "Ivanov, Alexander"]
[Result "0-1"]
[ECO "C48"]
[WhiteElo "2224"]
[BlackElo "2415"]
[Annotator "RC"]
[PlyCount "155"]
[EventDate "2024.08.15"]
[EventType "swiss"]
[EventCountry "UAE"]
[SourceTitle "playchess.com"]
[Source "ChessBase"]
[SourceQuality "1"]
[TimeControl "5400+30"]

1. e4 e5 2. Nf3 Nc6 3. Nc3 Nf6 4. Bb5 Nd4 5. Bc4 c6 6. Nxe5 Qe7 7. Nxf7 d5 8. Nxh8 dxc4 9. O-O Ng4 10. h3 Qh4 11. Ne2 Nf3+ 12. gxf3 Qxh3 13. fxg4 Bd6 14. e5 Bxg4 15. Nf4 Qh4 16. Ng2 Qh3 17. Nf4 Qh4 18. Qe1 Bc5 19. Qe4 Qg3+ 20. Qg2 Qxf4 21. d4 Qf5 22. dxc5 Bf3 23. Qxg7 O-O-O 24. Bf4 Qxf4 25. Qg3 Qh6 26. Qxf3 Rg8+ 27. Qg3 Rxg3+ 28. fxg3 Qe3+ 29. Kg2 Qe4+ 30. Kh3 Qxe5 31. Rf8+ Kc7 32. Rf7+ Kb8 33. Raf1 Qh5+ 34. Kg2 a5 35. Rd7 Qe2+ 36. Rf2 Qe4+ 37. Kh2 Qe3 38. Rf8+ Ka7 39. Rxh7 Qe2+ 40. Kh3 Qe6+ 41. g4 Qe3+ 42. Kh4 Qe1+ 43. Kh5 Qh1+ 44. Kg6 Qe4+ 45. Kh6 Qxg4 46. Rff7 Qh4+ 47. Kg6 Qe4+ 48. Kg5 Qe5+ 49. Kh6 Qe3+ 50. Kg6 Qe4+ 51. Kf6 Qd4+ 52. Ke6 Qd5+ 53. Ke7 Qxc5+ 54. Ke8 Qe5+ 55. Re7 Qb8+ 56. Kf7 Qf4+ 57. Kg8 Qb8+ 58. Kg7 Qg3+ 59. Ng6 c3 60. bxc3 Qxc3+ 61. Kh6 Qd2+ 62. Kh5 Qd5+ 63. Ne5 Qd1+ 64. Kg5 Qxc2 65. Rxb7+ Ka6 66. Rhc7 Qxa2 67. Kf6 a4 68. Ra7+ Kb6 69. Rcb7+ Kc5 70. Ra5+ Kd4 71. Nxc6+ Kc3 72. Rc5+ Kd2 73. Rd7+ Ke2 74. Re5+ Kf2 75. Rf5+ Kg3 76. Rg7+ Kh4 77. Ne5 Qe2 78. Nf3+ 0-1